 Dungeon Crawl Stone Soup version 0.30-a0-800-g7c544603b3 (webtiles) character file.

Game seed: 5102809628132800357

86 hikkokomori the Trooper (level 4, 0/41 HPs)
             Began as a Hill Orc Fighter on Feb 23, 2023.
             Slain by Terence
             ... wielding a +1 flail of protection
              (8 damage)
             ... on level 2 of the Dungeon.
             The game lasted 00:02:01 (1398 turns).

hikkokomori the Trooper (Hill Orc Fighter)          Turns: 1398, Time: 00:02:02

Health: 0/41       AC: 10    Str: 20    XL:     4   Next: 49%
Magic:  4/4        EV:  9    Int:  8    God:
Gold:   168        SH:  5    Dex: 15    Spells: 3/3 levels left

rFire   + . .      SeeInvis .    a - +0 war axe
rCold   + . .      Faith    .    c - +0 buckler
rNeg    . . .      Spirit   .    b - +0 scale mail
rPois   .          Reflect  .    q - +2 helmet of Jothec {-Cast rF+ rC+ Dex+5}
rElec   .          Harm     .    (no cloak)
rCorr   .          Rampage  .    (no gloves)
Will    .....      NoCast   +    (no boots) Stlth
                                 r - amulet of magic regeneration
HPRegen 0.26/turn                (no ring)
MPRegen 0.49/turn                (no ring)

@: mighty
A: no striking features
a: no special abilities


You were on level 2 of the Dungeon.
You visited 1 branch of the dungeon, and saw 2 of its levels.

You collected 168 gold pieces.

Inventory:

Hand Weapons
 a - a +0 war axe (weapon)
Armour
 b - a +0 scale mail (worn)
 c - a +0 buckler (worn)
 q - the +2 helmet of Jothec (worn) {-Cast rF+ rC+ Dex+5}
   (You found it on level 2 of the Dungeon)

   Dex:       It affects your dexterity (+5).
   rF:        It protects you from fire.
   rC:        It protects you from cold.
   -Cast:     It prevents spellcasting.
Jewellery
 n - a ring of fire
 r - an amulet of magic regeneration (around neck)
Scrolls
 e - a scroll of fear {unknown}
 g - a scroll of enchant armour {unknown}
 j - 5 scrolls of teleportation {unknown}
 l - a scroll of identify {unknown}
 o - a scroll of vulnerability {unknown}
 p - a scroll of noise {unknown}
Potions
 f - a potion of attraction {unknown}
 h - a potion of lignification {unknown}
 i - a potion of mutation {unknown}
 k - 2 potions of curing {unknown}
 m - a potion of brilliance {unknown}


   Skills:
 + Level 4.3 Fighting
 + Level 3.8 Axes
 + Level 4.0 Armour
 + Level 4.0 Shields


You had 3 spell levels left.
You didn't know any spells.
Your spell library was empty.

Dungeon Overview and Level Annotations

Branches:
Dungeon (2/15)

Altars:

Shops:
D:2 *

Annotations:
D:2 Terence


Message History

Terence hits you with a +1 flail of protection.
Terence closely misses you. Terence misses you.
You hit Terence but do no damage.
Terence hits you with a +1 flail of protection.
You hit Terence.
Terence is lightly wounded.
Terence hits you with a +1 flail of protection!
You block Terence's attack.
You hit Terence but do no damage.
Terence is lightly wounded.
You block Terence's attack. x2
You closely miss Terence.
Terence is lightly wounded.
Terence closely misses you.
Terence hits you with a +1 flail of protection!
You are too injured to fight recklessly!
You are too injured to fight recklessly!
You are too injured to fight recklessly!
You are too injured to fight recklessly!
You are too injured to fight recklessly!
You are too injured to fight recklessly!
You are too injured to fight recklessly!
You are too injured to fight recklessly!
You are too injured to fight recklessly!
You are too injured to fight recklessly!
You are too injured to fight recklessly!
You are too injured to fight recklessly!
You are too injured to fight recklessly!
You are too injured to fight recklessly!
You feel very mighty all of a sudden. Terence misses you.
Terence barely misses you.
You closely miss Terence.
Terence is lightly wounded.
Terence hits you with a +1 flail of protection!
* * * LOW HITPOINT WARNING * * *
You block Terence's attack.
You barely miss Terence.
Terence is lightly wounded.
Terence hits you with a +1 flail of protection!
You die...

....#...# #......#
#.#...#.###.####.#
#.##........# #.#
#.#####.##### #.# #.# #.# #.#
#.. ..# #.# ### #### #####.#
#.....## #.∩..@.# #. #..
#.####@# #.. .. # .# #.. ..##
#.# #... ..# ....#
####.#.##.####.# ##
.....#.........#
.#.#.#.........###############
.#........<.........##.......#


You could see Terence (fast).

Vanquished Creatures
  3 adders (D:2)
  A worm (D:2)
  2 dart slugs
  4 ball pythons (D:1)
  5 endoplasms (D:1)
  2 giant cockroaches (D:1)
  6 goblins
  6 hobgoblins
  4 quokkas (D:1)
  5 bats
  2 frilled lizards
  5 kobolds
  5 rats
50 creatures vanquished.

Notes
Turn   | Place    | Note
-------+----------+-------------------------------------------
     0 | D:1      | hikkokomori the Hill Orc Fighter began the quest for the
                  | Orb.
     0 | D:1      | Reached XP level 1. HP: 19/19 MP: 1/1
    64 | D:1      | Reached XP level 2. HP: 27/27 MP: 2/2
   277 | D:1      | Reached XP level 3. HP: 33/33 MP: 3/3
   944 | D:2      | Reached XP level 4. HP: 35/40 MP: 4/4
   948 | D:2      | Identified the +2 helmet of Jothec {-Cast rF+ rC+ Dex+5}
  1387 | D:2      | Noticed Terence
  1388 | D:2      | Found Estrig's Assorted Antiques.
  1398 | D:2      | Slain by Terence

Illustrated notes

Levels and vault maps discovered:
D:1:      dpeg_arrival_simpleton_b, layout_loops_ring,
          wad_floor_pattern_untrapped, minmay_indecisive_spiral
D:2:      layout_loops_cross, serial_shops, shop, minmay_tetromino_s4,
          uniq_terence

Skill      XL: |  1  2  3  4 |
---------------+-------------+-----
Axes           | 3 |  3.8
Fighting       | 4 |  4.3
Armour         | 4 |  4.0
Shields        | 4 |  4.0

Action                     |  1- 3 |  4- 6 || total
---------------------------+-------+-------++-------
  Melee: War axe           |   113 |    41 ||   154
    Use: Potion            |       |     1 ||     1
 Armour: Scale mail        |    51 |    24 ||    75
  Dodge: Dodged            |    57 |    15 ||    72
  Block: Buckler           |    27 |    16 ||    43

Table legend: (Time is in decaauts)
 A = Elapsed time spent in this place.
 B = Non-inter-level travel time spent in this place.
 C = Inter-level travel time spent in this place.
 D = Time resting spent in this place.
 E = Time spent auto-exploring this place.
 F = Levels seen in this place.
 G = Mean time per level.
                   A        B        C        D        E       F      G
               +--------+--------+--------+--------+--------+-----+--------+
         Total |   1454 |   1454 |      0 |      0 |   1064 |   2 |  727.0 |
       Dungeon |   1454 |   1454 |      0 |      0 |   1064 |   2 |  727.0 |
               +--------+--------+--------+--------+--------+-----+--------+

Top non-repeatable levels by time:
     D:1: 820 daAuts
     D:2: 634 daAuts
